AoeStats
← Janet

Arabia

510252021Analyzed
1v1 RM · 3d ago on Sep 30, 2026· 38m 59s· 2 players
Game mode
Random Map
Map size
Tiny (2 player)
Population
200
Speed
Normal
Resources
Standard
Victory
Conquest
Starting age
Dark Age
Ending age
Imperial Age
RankedLock teamsTeams togetherTeam positionsShared explorationLock speedFull tech treeHidden civsTurbo modeCheats
Victory
Defeat
🇦🇺 Spanish · Australia
573
+9
🇦🇺 Mongols · Australia
411
-9
Janet
11:09 Feudal Age
10:14 Loom
16:52 Horse Collar
20:17 Double-Bit Axe
26:12 Castle Age
24:32 Fletching
25:23 Padded Archer Armor
26:25 Light Cavalry
26:30 Crossbowman
27:34 Thumb Ring
28:57 Pikeman
symon.mcare
6:31 Loom
9:08 Feudal Age
15:25 Wheelbarrow
14:43 Double-Bit Axe
25:52 Castle Age
24:32 Horse Collar
24:46 Stone Mining
26:27 Bloodlines
27:13 Scale Barding Armor
27:22 Forging
32:23 Bow Saw
34:00 Fletching
39:13 Murder Holes
Connection lost

Rejoining the realm…

Still unreachable

The connection could not be restored.

Session expired

The server has moved on; the page needs a fresh start.